Unix NetHack Version 3.7.0-101 Work-in-progress - last build Mar 4 2024 02:26:32 (3c4ac04b664b9ee0831c739617f054b5b60dbfd1,branch:master). Game began 2024-03-09 12:23:51, ended 2024-03-09 12:35:20. elenmirie, neutral female gnomish Archeologist --- ---.| ..---...| ........| - ........-- h -.-- .......-- h ....--- ----- ............| ....a@--------....| ............-- .. .|....... .....| ---- ............-- ..------------...----..--- -...........| - |*.............--------- |....---...-- |...--..------......^..--------..-| ---.| --..|--.- ---------............--- --- |..| |.0 ----------.....--- ---- --......-- --.|....| -----..| ---- Elenmirie the Field Worker St:14 Dx:11 Co:15 In:15 Wi:18 Ch:8 Neutral Dlvl:6 $:0 HP:0(33) Pw:15(15) AC:8 Xp:4/141 T:2463 Latest messages: You are laden with moisture and can barely breathe! You destroy the fog cloud! What do you want to use or apply? [aegioptwI or ?*] i Your lamp is now on. The giant ant bites! You miss the giant ant. The giant ant bites! You lash the giant ant. The giant ant bites! You miss the giant ant. The giant ant bites! You miss the giant ant. The giant ant bites! You miss the giant ant. The giant ant bites! You miss the giant ant. The giant ant bites! The giant ant bites! You lash the giant ant. The giant ant bites! The giant ant bites! You lash the giant ant. The giant ant bites! The giant ant bites! What do you want to use or apply? [aegioptwI or ?*] w B - 2 potions called healing. The giant ant bites! The giant ant bites! What do you want to drink? [B or ?*] B You feel better. The giant ant bites! The giant ant bites! What do you want to drink? [B or ?*] B As you open the bottle, an enormous ghost emerges! You are frightened to death, and unable to move. The giant ant bites! The giant ant bites! The giant ant bites! The giant ant bites! The giant ant bites! You regain your composure. The giant ant bites! The giant ant bites! The giant ant bites! You die... Do you want your possessions identified? [ynq] (y) y Do you want to see your attributes? [ynq] (y) y Do you want an account of creatures vanquished? [ynaq] (y) y Do you want to see your conduct and achievements? [ynq] (y) y Do you want to see the dungeon overview? [ynq] (y) y Inventory: Weapons L - 8 uncursed +0 darts n - an uncursed +0 elven dagger a - an uncursed +2 bullwhip (weapon in right hand) Armor c - an uncursed +0 fedora (being worn) q - an uncursed +0 elven cloak (being worn) C - an uncursed +0 mummy wrapping b - an uncursed +0 leather jacket (being worn) Comestibles d - 4 uncursed food rations m - 2 uncursed tripe rations Rings k - a cursed -1 ring of gain strength y - a cursed ring of invisibility x - a cursed ring of polymorph control Tools w - an uncursed sack containing 9 items e - an uncursed lock pick I - an uncursed magic marker (0:71) i - an uncursed oil lamp (lit) p - an uncursed +0 pick-axe (alternate weapon; not wielded) o - a cursed tin whistle t - an uncursed tinning kit (0:83) Gems/Stones K - an uncursed amethyst stone g - an uncursed touchstone Contents of the sack: 67 gold pieces an uncursed scroll of blank paper an uncursed scroll of enchant weapon an uncursed scroll of scare monster an uncursed spellbook of light an uncursed potion of booze an uncursed potion of confusion an uncursed potion of extra healing a blessed potion of healing Elenmirie the Archeologist's attributes: Background: You were a Field Worker, a level 4 female gnomish Archeologist. You were neutral, on a mission for Camaxtli who was opposed by Quetzalcoatl (lawful) and Huhetotl (chaotic). You were right-handed. You were in the Gnomish Mines, on level 6. You entered the dungeon 2463 turns ago. There was a new moon in effect when your adventure ended. You had 141 experience points, 19 more were needed to attain level 5. Basics: You had 0 out of 33 hit points. You had all 15 energy points (spell power). Your armor class was 8. Your wallet was empty, but you had 67 zorkmids stashed away in your pack. Autopickup was on for '$' plus thrown. Final Characteristics: Your strength was 14 (limit:18/50). Your dexterity was 11 (limit:18). Your constitution was 15 (limit:18). Your intelligence was 15 (limit:19). Your wisdom was 18 (limit:18). Your charisma was 8 (limit:18). Final Status: You weren't hungry. You were unencumbered. You were wielding a whip. You had basic skill with whip and could have enhanced that. Final Attributes: You were piously aligned. You had automatic searching. You had infravision. You were stealthy. You were warded. You are dead. Miscellaneous: You never encountered a bones level. Total elapsed playing time was 11 minutes and 28 seconds. Major events: Turn 1: elenmirie the neutral female gnomish Archeologist entered the dungeon 1370: attained the rank of Field Worker (level 3) 1630: entered the Gnomish Mines 2463: killed by a giant ant Vanquished creatures: a rock piercer a fog cloud a shrieker a kobold mummy a kitten 2 giant bats 2 dwarf zombies a coyote 2 large kobolds a giant rat a yellow mold a green mold a gnome zombie 2 geckos 3 jackals 2 foxes a sewer rat 7 grid bugs 3 lichens 2 kobold zombies 7 newts 43 creatures vanquished. No species were genocided or became extinct. Voluntary challenges: You read items or engraved 2 times. You never engraved Elbereth. You never genocided any monsters. You never polymorphed an object. You never changed form. You used no wishes. Achievements: You attained the rank of Field Worker. You entered the Gnomish Mines. The Dungeons of Doom: levels 1 to 5 Level 1: Some fountains. Level 2: A fountain, some sinks. Level 3: Level 4: A fountain. Stairs down to The Gnomish Mines. Level 5: The Gnomish Mines: levels 5 to 6 Level 5: Level 6: <- You were here. Final resting place for you, killed by a giant ant. Game over: ---------- / \ / REST \ / IN \ / PEACE \ / \ | elenmirie | | 67 Au | | killed by a | | giant ant | | | | | | 2024 | *| * * * | * _________)/\\_//(\/(/\)/\//\/|_)_______ Goodbye elenmirie the Archeologist... You died in The Gnomish Mines on dungeon level 6 with 885 points, and 67 pieces of gold, after 2463 moves. You were level 4 with a maximum of 33 hit points when you died.